PL
TOLEDO STINGERS @ VANCOUVER GREY WOLVES
06/30/2033
 
TOP OF THE 1ST
Toledo Stingers batting - Pitching for Vancouver Grey Wolves : RHP John Dempsey
Pitching: RHP John Dempsey
Batting: RHB Alfredo Martínez 0-0: Foul Ball, location: 2F
0-1: Fly out, F7 (Flyball, 7D)
Batting: SHB Eugene Clutch 0-0: Foul Ball, location: 2F
0-1: Called Strike
0-2: Strikes out swinging
Batting: LHB Kyoji Hakoda 0-0: Swinging Strike
0-1: Ball
1-1: Foul Ball, location: 2F
1-2: Strikes out swinging
Top of the 1st over - 0 runs, 0 hits, 0 errors, 0 left on base; Toledo 0 - Vancouver 0
BOTTOM OF THE 1ST
Vancouver Grey Wolves batting - Pitching for Toledo Stingers : RHP Rafael Rodríguez
Pitching: RHP Rafael Rodríguez
Batting: RHB Urs van Munster 0-0: Ball
1-0: Ball
2-0: Ground out 6-3 (Groundball, 6)
Batting: LHB Michael Malloy 0-0: Foul Ball, location: 2F
0-1: Ball
1-1: Ball
2-1: Foul Ball, location: 2F
2-2: Ground out 6-3 (Groundball, 6MD)
Batting: RHB Iván Vega 0-0: Ball
1-0: Ball
2-0: Foul Ball, location: 2F
2-1: Ball
3-1: Foul Ball, location: 2F
3-2: Foul Ball, location: 2F
3-2: Strikes out looking
Bottom of the 1st over - 0 runs, 0 hits, 0 errors, 0 left on base; Toledo 0 - Vancouver 0
TOP OF THE 2ND
Toledo Stingers batting - Pitching for Vancouver Grey Wolves : RHP John Dempsey
Batting: LHB Tural Bishara 0-0: Called Strike
0-1: Ball
1-1: Called Strike
1-2: Foul Ball, location: 2F
1-2: Strikes out swinging
Batting: SHB Dylan Carson 0-0: Called Strike
0-1: Ball
1-1: Ball
2-1: Ball
3-1: SINGLE (Groundball, 56D)
Batting: RHB Tamasaburo Kato 0-0: Called Strike
0-1: Foul Ball, location: 2F
0-2: Ball
1-2: Ball
2-2: Ball
3-2: SINGLE (Line Drive, 4MD)
Dylan Carson to second
Dylan Carson to third
Batting: RHB Brett Callison 0-0: Called Strike
0-1: Ball
1-1: Ball
2-1: Swinging Strike
2-2: Foul Ball, location: 2F
2-2: Ball
3-2: Strikes out looking
Batting: SHB Tsing Guao 0-0: Fly out, F9 (Flyball, 89S)
Top of the 2nd over - 0 runs, 2 hits, 0 errors, 2 left on base; Toledo 0 - Vancouver 0
BOTTOM OF THE 2ND
Vancouver Grey Wolves batting - Pitching for Toledo Stingers : RHP Rafael Rodríguez
Batting: LHB Preston Witt 0-0: Foul Ball, location: 2F
0-1: Ball
1-1: Ball
2-1: Foul Ball, location: 2F
2-2: Ball
3-2: Base on Balls
Batting: RHB Hugh Mungus 0-0: Swinging Strike
0-1: Called Strike
0-2: Strikes out swinging
Batting: LHB Johan Kroening 0-0: Called Strike
0-1: Called Strike
0-2: Ball
1-2: Grounds into double play, 4-6-3 (Groundball, 4)
Bottom of the 2nd over - 0 runs, 0 hits, 0 errors, 0 left on base; Toledo 0 - Vancouver 0
TOP OF THE 3RD
Toledo Stingers batting - Pitching for Vancouver Grey Wolves : RHP John Dempsey
Batting: LHB Francisco Alfaro 0-0: Called Strike
0-1: Called Strike
0-2: Foul Ball, location: 2F
0-2: Strikes out swinging
Batting: RHB Alfredo Martínez 0-0: Ground out 4-3 (Groundball, 4)
Batting: SHB Eugene Clutch 0-0: Ball
1-0: Called Strike
1-1: Swinging Strike
1-2: Strikes out swinging
Top of the 3rd over - 0 runs, 0 hits, 0 errors, 0 left on base; Toledo 0 - Vancouver 0
BOTTOM OF THE 3RD
Vancouver Grey Wolves batting - Pitching for Toledo Stingers : RHP Rafael Rodríguez
Batting: RHB Dhyana Snigdha 0-0: Foul Ball, location: 2F
0-1: Called Strike
0-2: Ground out 5-3 (Groundball, 56)
Batting: LHB Gustavo Cortéz 0-0: Ball
1-0: Called Strike
1-1: Ball
2-1: Ball
3-1: Base on Balls
Batting: RHB José Jarca 0-0: Called Strike
0-1: Foul Ball, location: 2F
0-2: Ball
1-2: Strikes out swinging
Batting: RHB Urs van Munster 0-0: Ball
1-0: Called Strike
1-1: Fly out, F9 (Flyball, 9S)
Bottom of the 3rd over - 0 runs, 0 hits, 0 errors, 1 left on base; Toledo 0 - Vancouver 0
TOP OF THE 4TH
Toledo Stingers batting - Pitching for Vancouver Grey Wolves : RHP John Dempsey
Batting: LHB Kyoji Hakoda 0-0: Ball
1-0: Ball
2-0: Foul Ball, location: 2F
2-1: Swinging Strike
2-2: Ground out 4-3 (Groundball, 4)
Batting: LHB Tural Bishara 0-0: Ball
1-0: Ball
2-0: Ball
3-0: Swinging Strike
3-1: Swinging Strike
3-2: Strikes out looking
Batting: SHB Dylan Carson 0-0: Foul Ball, location: 2F
0-1: Ball
1-1: Fly out, F8 (Flyball, 89D)
Top of the 4th over - 0 runs, 0 hits, 0 errors, 0 left on base; Toledo 0 - Vancouver 0
BOTTOM OF THE 4TH
Vancouver Grey Wolves batting - Pitching for Toledo Stingers : RHP Rafael Rodríguez
Batting: LHB Michael Malloy 0-0: Ball
1-0: Ball
2-0: Called Strike
2-1: Swinging Strike
2-2: Foul Ball, location: 2F
2-2: Foul Ball, location: 2F
2-2: Ball
3-2: Strikes out swinging
Batting: RHB Iván Vega 0-0: Ball
1-0: Ball
2-0: Called Strike
2-1: Fly out, F8 (Flyball, 8RXD)
Batting: LHB Preston Witt 0-0: Called Strike
0-1: SOLO HOME RUN (Flyball, 7D), Distance : 357 ft
Batting: RHB Hugh Mungus 0-0: Called Strike
0-1: Ball
1-1: Foul Ball, location: 2F
1-2: Strikes out swinging
Bottom of the 4th over - 1 run, 1 hit, 0 errors, 0 left on base; Toledo 0 - Vancouver 1
TOP OF THE 5TH
Toledo Stingers batting - Pitching for Vancouver Grey Wolves : RHP John Dempsey
Batting: RHB Tamasaburo Kato 0-0: Ball
1-0: Ground out 5-3 (Groundball, 5)
Batting: RHB Brett Callison 0-0: Ball
1-0: Fly out, F8 (Flyball, 89M)
Batting: SHB Tsing Guao 0-0: Ball
1-0: Foul Ball, location: 2F
1-1: Called Strike
1-2: Strikes out looking
Top of the 5th over - 0 runs, 0 hits, 0 errors, 0 left on base; Toledo 0 - Vancouver 1
BOTTOM OF THE 5TH
Vancouver Grey Wolves batting - Pitching for Toledo Stingers : RHP Rafael Rodríguez
Batting: LHB Johan Kroening 0-0: Ball
1-0: Foul Ball, location: 2F
1-1: Ball
2-1: Ground out 4-3 (Groundball, 4)
Batting: RHB Dhyana Snigdha 0-0: Called Strike
0-1: Ball
1-1: Ball
2-1: Called Strike
2-2: Ball
3-2: Strikes out looking
Batting: LHB Gustavo Cortéz 0-0: Ball
1-0: Called Strike
1-1: Ball
2-1: Foul Ball, location: 2F
2-2: Strikes out swinging, 2-3 out at first.
Bottom of the 5th over - 0 runs, 0 hits, 0 errors, 0 left on base; Toledo 0 - Vancouver 1
TOP OF THE 6TH
Toledo Stingers batting - Pitching for Vancouver Grey Wolves : RHP John Dempsey
Batting: LHB Francisco Alfaro 0-0: Called Strike
0-1: Ground out U3 (Groundball, 34)
Batting: RHB Alfredo Martínez 0-0: Bunt for hit - play at first, batter OUT! 1-3
Batting: SHB Eugene Clutch 0-0: Called Strike
0-1: Swinging Strike
0-2: Ball
1-2: Strikes out looking
Top of the 6th over - 0 runs, 0 hits, 0 errors, 0 left on base; Toledo 0 - Vancouver 1
BOTTOM OF THE 6TH
Vancouver Grey Wolves batting - Pitching for Toledo Stingers : RHP Rafael Rodríguez
Batting: RHB José Jarca 0-0: Called Strike
0-1: Called Strike
0-2: Ball
1-2: Ball
2-2: Ball
3-2: SOLO HOME RUN (Flyball, 7LD), Distance : 321 ft
Batting: RHB Urs van Munster 0-0: Ground out 4-3 (Groundball, 4)
Batting: LHB Michael Malloy 0-0: Ball
1-0: Ball
2-0: Ball
3-0: Called Strike
3-1: Called Strike
3-2: Ground out 4-3 (Groundball, 4)
Batting: RHB Iván Vega 0-0: DOUBLE (Line Drive, 78D)
Batting: LHB Preston Witt 0-0: Foul Ball, location: 2F
0-1: Ball
1-1: Ball
2-1: Foul Ball, location: 2F
2-2: Fly out, F8 (Flyball, 8LD)
Bottom of the 6th over - 1 run, 2 hits, 0 errors, 1 left on base; Toledo 0 - Vancouver 2
TOP OF THE 7TH
Toledo Stingers batting - Pitching for Vancouver Grey Wolves : RHP John Dempsey
Now at 1B: Hank Scorpio
Batting: LHB Kyoji Hakoda 0-0: Foul Ball, location: 2F
0-1: Ball
1-1: Foul Ball, location: 2F
1-2: Strikes out swinging
Batting: LHB Tural Bishara 0-0: Called Strike
0-1: Ball
1-1: Ball
2-1: Called Strike
2-2: Ball
3-2: Strikes out looking
Batting: SHB Dylan Carson 0-0: Ball
1-0: Ground out 5-3 (Groundball, 5L)
Top of the 7th over - 0 runs, 0 hits, 0 errors, 0 left on base; Toledo 0 - Vancouver 2
BOTTOM OF THE 7TH
Vancouver Grey Wolves batting - Pitching for Toledo Stingers : RHP Rafael Rodríguez
Batting: RHB Hugh Mungus 0-0: Foul Ball, location: 2F
0-1: Called Strike
0-2: Ball
1-2: Ball
2-2: Foul Ball, location: 2F
2-2: Ball
3-2: Fly out, F3 (Popup, 3S)
Batting: LHB Johan Kroening 0-0: Called Strike
0-1: Foul Ball, location: 2F
0-2: Strikes out swinging
Batting: RHB Dhyana Snigdha 0-0: Called Strike
0-1: Called Strike
0-2: Foul Ball, location: 2F
0-2: SINGLE (Line Drive, 34)
Pitching: LHP Bill Edmonds
Batting: LHB Gustavo Cortéz 0-0: Ball
1-0: Ball
Dhyana Snigdha steals 2nd base
2-0: Called Strike
2-1: Ground out 6-3 (Groundball, 6)
Bottom of the 7th over - 0 runs, 1 hit, 0 errors, 1 left on base; Toledo 0 - Vancouver 2
TOP OF THE 8TH
Toledo Stingers batting - Pitching for Vancouver Grey Wolves : RHP John Dempsey
Batting: RHB Tamasaburo Kato 0-0: Foul Ball, location: 2F
0-1: Ball
1-1: Ball
2-1: Foul Ball, location: 2F
2-2: Strikes out looking
Batting: RHB Brett Callison 0-0: Ball
1-0: Foul Ball, location: 2F
1-1: Foul Ball, location: 2F
1-2: Ball
2-2: Foul Ball, location: 2F
2-2: Ball
3-2: SOLO HOME RUN (Flyball, 7D), Distance : 355 ft
Batting: SHB Tsing Guao 0-0: Ball
1-0: Swinging Strike
1-1: Foul Ball, location: 2F
1-2: Foul Ball, location: 2F
1-2: Strikes out swinging
Batting: LHB Francisco Alfaro 0-0: Called Strike
0-1: Foul Ball, location: 2F
0-2: Ball
1-2: Foul Ball, location: 2F
1-2: Foul Ball, location: 2F
1-2: Strikes out swinging
Top of the 8th over - 1 run, 1 hit, 0 errors, 0 left on base; Toledo 1 - Vancouver 2
BOTTOM OF THE 8TH
Vancouver Grey Wolves batting - Pitching for Toledo Stingers : LHP Bill Edmonds
Batting: RHB José Jarca 0-0: DOUBLE (Line Drive, 9LS)
Batting: RHB Urs van Munster 0-0: Intentional Walk
Batting: LHB Michael Malloy 0-0: Foul Ball, location: 2F
0-1: Ball
1-1: Ball
2-1: Fly out, F8 (Flyball, 8LXD)
Runner from 2nd tags up, SAFE at 3rd, no throw
Batting: RHB Hank Scorpio 0-0: Ball
1-0: Called Strike
1-1: Foul Ball, location: 2F
1-2: Strikes out swinging
Batting: LHB Preston Witt 0-0: Ball
1-0: Ball
Pickoff Throw to First - Out!
Bottom of the 8th over - 0 runs, 1 hit, 0 errors, 1 left on base; Toledo 1 - Vancouver 2
TOP OF THE 9TH
Toledo Stingers batting - Pitching for Vancouver Grey Wolves : RHP John Dempsey
Pitching: RHP Francisco Valdés
Batting: RHB Alfredo Martínez 0-0: Ball
1-0: Foul Ball, location: 2F
1-1: Ball
2-1: Foul Ball, location: 2F
2-2: Ball
3-2: Ground out 6-3 (Groundball, 6)
Batting: SHB Eugene Clutch 0-0: Called Strike
0-1: Ball
1-1: Foul Ball, location: 2F
1-2: Ball
2-2: Strikes out swinging
Batting: LHB Kyoji Hakoda 0-0: Called Strike
0-1: Foul Ball, location: 2F
0-2: Strikes out swinging
Top of the 9th over - 0 runs, 0 hits, 0 errors, 0 left on base; Toledo 1 - Vancouver 2
Saturday, December 22nd, 2018 - OOTP Baseball 18.8 Build 76